 Dungeon Sprint DCSS version 0.20-a0-51-g027d3fc (webtiles) character file.

17497 Faca the Peltast (level 12, -17/117 HPs)
             Began as a Minotaur Fighter on Nov 15, 2016.
             Was the Champion of Jiyva.
             Killed from afar by a lich (37 damage)
             ... with a bolt of cold
             ... in the Dungeon (Sprint IX: "|||||||||||||||||||||||||||||").
             The game lasted 00:35:44 (2296 turns).

Faca the Peltast (Minotaur Fighter)                 Turns: 2296, Time: 00:35:46

Health: -17/117    AC: 26    Str: 20    XL:     12   Next: 19%
Magic:  11/11      EV: 18    Int:  8    God:    Jiyva [******]
Gold:   514        SH: 19    Dex: 16    Spells: 0 memorised, 11 levels left

rFire  + . .     SeeInvis .     q - +4 rapier (venom)
rCold  . . .     Gourm    .     u - +4 ring mail
rNeg   + . .     Faith    .     c - +0 shield
rPois  +         Spirit   .     t - +2 hat
rElec  .         Reflect  .     B - +2 cloak {+Inv}
rCorr  +         Harm     .     s - +0 pair of gloves
MR     +....     NoTele   +     D - +2 pair of boots of the Louse {rPois rN+}
Stlth  +++.......               (no amulet)
                                v - +3 ring of intelligence
                                w - +2 ring of protection

@: no status effects
A: retaliatory headbutt, horns 2, iridescent scales 1, large bone plates 1,
blurry vision 1, fire resistance 1, magic resistance 1, wild magic 1, eyeballs
1, translucent skin 2, tendrils, jelly absorbing missiles
a: Request Jelly, Slimify, Cure Bad Mutation, Renounce Religion, Evoke
Invisibility


You were in the Dungeon.
You worshipped Jiyva.
Jiyva was exalted by your worship.
You were completely stuffed.

You visited 1 branch You collected 1000 gold pieces.
You spent 486 gold pieces at shops.

Inventory:

Hand Weapons
 p - the +2 morningstar of Ylaosch {freeze, SInv}
   (You found it in the Dungeon)

   It has been specially enchanted to freeze those struck by it, causing extra
   injury to most foes and up to half again as much damage against particularly
   susceptible opponents.
   It can also slow down cold-blooded creatures.
   It lets you see invisible.
 q - a +4 rapier of venom (weapon)
 r - a +2 scimitar of holy wrath
Armour
 c - a +0 shield (worn)
 s - a +0 pair of gloves (worn)
 t - a +2 hat (worn)
 u - a +4 ring mail (worn)
 B - a +2 cloak of invisibility (worn)
 D - the +2 pair of boots of the Louse (worn) {rPois rN+}
   (You found it in the Dungeon)

   It protects you from poison.
   It protects you from negative energy.
Jewellery
 v - a +3 ring of intelligence (right hand)
 w - a +2 ring of protection (left hand)
Scrolls
 k - 4 scrolls of blinking
 m - 3 scrolls of remove curse
Potions
 a - a potion of cure mutation
 d - a potion of might
 e - 5 potions of curing
 h - a potion of haste
 i - 4 potions of magic
 j - a potion of berserk rage
 l - a potion of invisibility
Comestibles
 f - 13 bread rations
 x - 40 fruits
 z - 12 meat rations


   Skills:
 + Level 14.1 Fighting
 + Level 16.1(17.9) Short Blades
 + Level 14.8(18.0) Long Blades
 + Level 4.4 Maces & Flails
 + Level 12.1 Armour
 + Level 10.3 Dodging
 + Level 5.2 Stealth
 + Level 17.9 Shields


You had 11 spell levels left.
You didn't know any spells.

Dungeon Overview and Level Annotations

Branches:
Dungeon (1/1)

Altars:
Cheibriados
Dithmenos
Elyvilon
Fedhas
Gozag
Hepliaklqana
Kikubaaqudgha
Makhleb
Nemelex Xobeh
Okawaru
Qazlal
Ru
Sif Muna
Trog
Uskayaw
Vehumet
Xom
Yredelemnul
Zin
The Shining One
Beogh
Jiyva
Lugonu

Shops:
D [:[:


Innate Abilities, Weirdness & Mutations

You reflexively headbutt those who attack you in melee.
You have a pair of horns on your head.
You are partially covered in iridescent scales. (AC +2)
You are partially covered in large bone plates. (SH +4)
Scrolls take you a little longer to read.
Your flesh is heat resistant. (rF+)
You are resistant to hostile enchantments. (MR+)
Your spells are a little harder to cast, but a little more powerful.
Your body has grown golden eyes which may confuse attackers. (Acc +3)
Your translucent skin reduces your foes' accuracy. (Stealth)
You are covered in slimy tendrils that may disarm your opponents.
You have a small jelly attached to you that may absorb incoming projectiles.


Message History

You hit the Ice Fiend but do no damage.
You headbutt the Ice Fiend, but do no damage.
Your acid blob hits the Ice Fiend but does no damage.
You block the Ice Fiend's attack. The Ice Fiend misses you.
You feel much better. The lich touches your acid blob!
The lich drains your acid blob!
The lich is burned by acid!
Your acid blob spits acid at the Ice Fiend.
The splash of acid hits the Ice Fiend.
The Ice Fiend appears unharmed.
The Ice Fiend gestures at you. The bolt of cold hits you!
* * * LOW HITPOINT WARNING * * *
A great orb of eyes comes into view.
You feel better.
The great orb of eyes stares at you suspiciously for a moment, then relaxes.
Your acid blob hits the Ice Fiend.
The Ice Fiend is splashed with acid.
The large rock hits the great orb of eyes!!!
The lich casts a spell at you. The bolt of cold hits your acid blob.
The bolt of cold hits the Ice Fiend.
The Ice Fiend completely resists.
The bolt of cold hits you!
You die...

▓.▓.▓.▓.▓.▓.▓.▓
▓G▓.▓∩▓.▓.▓.▓.▓
▓.▓.▓.▓.▓.▓.▓.▓ ,
▓C▓.▓∩▓.▓.▓.▓.▓
▓2▓.▓.▓.▓.▓.▓.▓ ,
▓L▓.▓.▓.▓.▓)▓.▓
▓J▓.▓.▓.▓.▓.▓.▓
▓1▓.▓.▓.▓.▓.▓.▓ ,
▓@▓.▓.▓.▓'▓.▓'▓
▓.▓.▓'▓.▓.▓.▓.▓ *
▓.▓.▓.▓.▓.▓.▓_▓ *
*,▓.▓.▓.▓.▓J▓.▓_▓
▓.▓.▓.▓.▓.▓.▓_▓ *
▓.▓.▓.▓)▓.▓.▓_▓
▓.▓.▓.▓.▓.▓.▓_▓
▓.▓.▓.▓.▓.▓.▓_▓
▓.▓.▓.▓.▓.▓.▓_▓


You could see an Ice Fiend, a stone giant, a hell beast, a lich, a neutral great
orb of eyes (fellow slime) and a friendly acid blob.

Vanquished Creatures
  A lich (D)
  Erolcha (D)
  A hydra (D)
  4 ogre magi (D)
  2 tengu warriors (D)
  Sonja (D)
  5 deep trolls (D)
  An unseen horror (D)
  A hill giant (D)
  An orc knight (D)
  2 orc sorcerers (D)
  A gargoyle (D)
  Psyche (D)
  A spiny frog (D)
  A tengu conjurer (D)
  4 trolls (D)
  A tyrant leech (D)
  A two-headed ogre (D)
  A hippogriff (D)
  2 yaks (D)
  A hungry ghost (D)
  4 porcupines (D)
  A water moccasin (D)
  8 orc warriors (D)
  A sky beast (D)
  3 centaurs (D)
  2 wolves (D)
  3 crocodiles (D)
  3 bullfrogs (D)
  A wight (D)
  A crimson imp (D)
  An orc priest (D)
  7 orc wizards (D)
  A worker ant (D)
  An adder zombie (D)
  6 worms (D)
  A dart slug (D)
  6 orcs (D)
  2 bats (D)
  A jackal (D)
  A quokka (D)
  A jackal skeleton (D)
  A kobold (D)
  A rat (D)
91 creatures vanquished.

Vanquished Creatures (collateral kills)
  A manticore (D)
  An orc (D)
2 creatures vanquished.

Vanquished Creatures (others)
  A hippogriff (D)
  A hell hound (D)
  18 jellies (D)
  A crimson imp (D)
  2 orc wizards (D)
23 creatures vanquished.

Grand Total: 116 creatures vanquished

Notes
Turn   | Place    | Note
-------+----------+-------------------------------------------
     0 | D        | Faca the Minotaur Fighter began the quest for the Orb.
     0 | D        | Reached XP level 1. HP: 19/19 MP: 0/0
    11 | D        | Reached skill level 4 in Shields
    79 | D        | Noticed a centaur
    79 | D        | Noticed a worker ant
    79 | D        | Noticed a centaur
    81 | D        | Killed a centaur
    81 | D        | Reached skill level 7 in Shields
    81 | D        | Reached XP level 2. HP: 20/30 MP: 1/1
    81 | D        | Reached XP level 3. HP: 24/37 MP: 2/2
    81 | D        | Reached XP level 4. HP: 29/44 MP: 3/3
    87 | D        | Reached skill level 5 in Long Blades
   107 | D        | Killed a centaur
   107 | D        | Reached skill level 8 in Shields
   107 | D        | Reached XP level 5. HP: 6/51 MP: 4/4
   378 | D        | Found a roughly hewn altar of Beogh.
   378 | D        | Found a snail-covered altar of Cheibriados.
   378 | D        | Found a shadowy altar of Dithmenos.
   378 | D        | Found a white marble altar of Elyvilon.
   378 | D        | Found a blossoming altar of Fedhas.
   378 | D        | Found an opulent altar of Gozag.
   379 | D        | Found a hazy altar of Hepliaklqana.
   380 | D        | Found a viscous altar of Jiyva.
   381 | D        | Found an ancient bone altar of Kikubaaqudgha.
   382 | D        | Found a corrupted altar of Lugonu.
   383 | D        | Found a burning altar of Makhleb.
   384 | D        | Found a sparkling altar of Nemelex Xobeh.
   385 | D        | Found an iron altar of Okawaru.
   388 | D        | Found a stormy altar of Qazlal.
   389 | D        | Found a sacrificial altar of Ru.
   390 | D        | Found a deep blue altar of Sif Muna.
   392 | D        | Became a worshipper of Jiyva Jies the Shapeless
   394 | D        | Found a bloodstained altar of Trog.
   395 | D        | Found a hide-covered altar of Uskayaw.
   396 | D        | Found a radiant altar of Vehumet.
   397 | D        | Found a shimmering altar of Xom.
   398 | D        | Found a basalt altar of Yredelemnul.
   399 | D        | Found a glowing silver altar of Zin.
   400 | D        | Found a glowing golden altar of the Shining One.
   409 | D        | Reached * piety under Jiyva
   418 | D        | Got the +2 morningstar of Ylaosch {freeze, SInv}
   419 | D        | Reached ** piety under Jiyva
   420 | D        | Reached *** piety under Jiyva
   447 | D        | Gained mutation: You have supernaturally acute eyesight. (SInv) [Jiyva's grace]
   452 | D        | Reached **** piety under Jiyva
   507 | D        | Gained mutation: You are resistant to electric shocks. (rElec) [Jiyva's grace]
   507 | D        | Gained mutation: You possess an exceptional clarity of mind. [Jiyva's grace]
   507 | D        | Reached ***** piety under Jiyva
   508 | D        | Gained mutation: Your body has grown golden eyes which may confuse attackers. (Acc +3) [Jiyva's grace]
   510 | D        | Noticed a centaur
   510 | D        | Noticed a two-headed ogre
   521 | D        | Killed a two-headed ogre
   521 | D        | Reached skill level 1 in Dodging
   521 | D        | Reached skill level 10 in Shields
   521 | D        | Reached XP level 6. HP: 24/61 MP: 5/5
   525 | D        | Reached skill level 10 in Long Blades
   527 | D        | Gained mutation: You are agile. (Dex +2) [Jiyva's grace]
   527 | D        | Reached ****** piety under Jiyva
   527 | D        | Lost mutation: You are agile. (Dex +2) [Jiyva's grace]
   539 | D        | Lost mutation: You have supernaturally acute eyesight. (SInv) [Jiyva's grace]
   540 | D        | Lost mutation: You possess an exceptional clarity of mind. [Jiyva's grace]
   540 | D        | Gained mutation: Scrolls take you a little longer to read. [Jiyva's grace]
   540 | D        | Gained mutation: Your spells are a little harder to cast, but a little more powerful. [Jiyva's grace]
   543 | D        | Noticed a hungry ghost
   543 | D        | Noticed a gargoyle
   543 | D        | Noticed a manticore
   543 | D        | Noticed a hippogriff
   552 | D        | Killed a hippogriff
   552 | D        | Reached XP level 7. HP: 67/67 MP: 6/6
   561 | D        | Killed a manticore
   561 | D        | Reached skill level 11 in Shields
   577 | D        | Killed a gargoyle
   582 | D        | Killed a hungry ghost
   582 | D        | Reached XP level 8. HP: 37/75 MP: 7/7
   767 | D        | Gained mutation: You are somewhat resistant to further mutation. [Jiyva's grace]
   769 | D        | Gained mutation: You are partially covered in thin metallic scales. (AC +2) [Jiyva's grace]
   771 | D        | Gained mutation: You have sharp toenails. [Jiyva's grace]
   802 | D        | Noticed Erolcha
   817 | D        | Killed Erolcha
   817 | D        | Reached skill level 5 in Dodging
   817 | D        | Reached skill level 1 in Stealth
   817 | D        | Reached skill level 12 in Shields
  1029 | D        | Gained mutation: You have a small jelly attached to you that senses nearby items. [Jiyva's grace]
  1035 | D        | Gained mutation: You have a small jelly attached to you that may absorb incoming projectiles. [Jiyva's grace]
  1037 | D        | Gained mutation: Your translucent skin slightly reduces your foes' accuracy. (Stealth) [Jiyva's grace]
  1044 | D        | Gained mutation: You have a pair of large horns on your head. [Jiyva's grace]
  1047 | D        | Gained mutation: Your translucent skin reduces your foes' accuracy. (Stealth) [Jiyva's grace]
  1051 | D        | Lost mutation: You are partially covered in thin metallic scales. (AC +2) [Jiyva's grace]
  1052 | D        | Lost mutation: Scrolls take you a little longer to read. [Jiyva's grace]
  1054 | D        | Lost mutation: Your translucent skin reduces your foes' accuracy. (Stealth) [Jiyva's grace]
  1056 | D        | Gained mutation: You are somewhat resistant to both further mutation and mutation removal. [Jiyva's grace]
  1060 | D        | Gained mutation: Armour fits poorly on your strangely shaped body. [Jiyva's grace]
  1063 | D        | Gained mutation: You have acidic saliva. [Jiyva's grace]
  1064 | D        | Lost mutation: You have acidic saliva. [Jiyva's grace]
  1068 | D        | Lost mutation: You have a small jelly attached to you that senses nearby items. [Jiyva's grace]
  1068 | D        | Lost mutation: Your body has grown golden eyes which may confuse attackers. (Acc +3) [Jiyva's grace]
  1069 | D        | Gained mutation: You are covered in fur. (AC +1) [Jiyva's grace]
  1071 | D        | Lost mutation: Armour fits poorly on your strangely shaped body. [Jiyva's grace]
  1075 | D        | Gained mutation: You are robust. (+10% HP) [Jiyva's grace]
  1119 | D        | Noticed a hippogriff
  1122 | D        | Reached skill level 10 in Armour
  1122 | D        | Reached skill level 13 in Shields
  1124 | D        | Noticed a seven-headed hydra
  1137 | D        | Reached XP level 9. HP: 92/92 MP: 8/8
  1174 | D        | Killed a seven-headed hydra
  1174 | D        | Reached skill level 10 in Fighting
  1174 | D        | Reached skill level 1 in Short Blades
  1174 | D        | Reached skill level 14 in Shields
  1396 | D        | Gained mutation: You passively map a small area around you. [Jiyva's grace]
  1396 | D        | Lost mutation: You have a pair of large horns on your head. [Jiyva's grace]
  1407 | D        | Lost mutation: You have sharp toenails. [Jiyva's grace]
  1408 | D        | Gained mutation: You are covered in slimy tendrils that may disarm your opponents. [Jiyva's grace]
  1410 | D        | Gained mutation: You are partially covered in slimy green scales. (AC +2) [Jiyva's grace]
  1410 | D        | Lost mutation: You are somewhat resistant to both further mutation and mutation removal. [Jiyva's grace]
  1410 | D        | Lost mutation: You are somewhat resistant to further mutation. [Jiyva's grace]
  1410 | D        | Gained mutation: You evolve. [Jiyva's grace]
  1413 | D        | Lost mutation: You are covered in fur. (AC +1) [Jiyva's grace]
  1418 | D        | Gained mutation: Your translucent skin reduces your foes' accuracy. (Stealth) [Jiyva's grace]
  1419 | D        | Lost mutation: Your translucent skin reduces your foes' accuracy. (Stealth) [Jiyva's grace]
  1423 | D        | Gained mutation: Your muscles are strong. (Str +2) [Jiyva's grace]
  1424 | D        | Noticed a spiny frog
  1428 | D        | Gained mutation: Your mind is acute. (Int +2) [Jiyva's grace]
  1435 | D        | Gained mutation: You have a pair of large horns on your head. [Jiyva's grace]
  1436 | D        | Lost mutation: You are partially covered in slimy green scales. (AC +2) [Jiyva's grace]
  1438 | D        | Lost mutation: Your muscles are strong. (Str +2) [Jiyva's grace]
  1444 | D        | Killed a spiny frog
  1444 | D        | Lost mutation: You have a pair of large horns on your head. [Jiyva's grace]
  1446 | D        | Gained mutation: Your system is resistant to poisons. (rPois) [Jiyva's grace]
  1461 | D        | Reached XP level 10. HP: 97/103 MP: 9/9
  1464 | D        | Reached skill level 15 in Shields
  1503 | D        | Reached skill level 5 in Short Blades
  1518 | D        | Noticed an azure jelly
  1518 | D        | a tyrant leech changed into an azure jelly
  1529 | D        | Gained mutation: You possess an exceptional clarity of mind. [Jiyva's grace]
  1529 | D        | Gained mutation: You have sharp fingernails. [Jiyva's grace]
  1529 | D        | Gained mutation: You have supernaturally acute eyesight. (SInv) [Jiyva's grace]
  1532 | D        | Lost mutation: Your mind is acute. (Int +2) [Jiyva's grace]
  1541 | D        | Lost mutation: You are covered in slimy tendrils that may disarm your opponents. [Jiyva's grace]
  1545 | D        | Lost mutation: You passively map a small area around you. [Jiyva's grace]
  1546 | D        | Lost mutation: You are robust. (+10% HP) [Jiyva's grace]
  1546 | D        | Gained mutation: You are covered in slimy tendrils that may disarm your opponents. [Jiyva's grace]
  1577 | D        | Gained mutation: You are partially covered in large bone plates. (SH +4) [Jiyva's grace]
  1595 | D        | Noticed Psyche
  1602 | D        | Killed Psyche
  1615 | D        | Gained mutation: Your mind is acute. (Int +2) [Jiyva's grace]
  1740 | D        | Lost mutation: You evolve. [Jiyva's grace]
  1742 | D        | Lost mutation: You possess an exceptional clarity of mind. [Jiyva's grace]
  1742 | D        | Gained mutation: You tend to lose your temper in combat. [Jiyva's grace]
  1743 | D        | Gained mutation: Your translucent skin reduces your foes' accuracy. (Stealth) [Jiyva's grace]
  1745 | D        | Gained mutation: Armour fits poorly on your pseudopods. [Jiyva's grace]
  1745 | D        | Lost mutation: Your spells are a little harder to cast, but a little more powerful. [Jiyva's grace]
  1745 | D        | Lost mutation: You are covered in slimy tendrils that may disarm your opponents. [Jiyva's grace]
  1745 | D        | Gained mutation: Your flesh is heat resistant. (rF+) [Jiyva's grace]
  1748 | D        | Lost mutation: You tend to lose your temper in combat. [Jiyva's grace]
  1750 | D        | Noticed an orc knight
  1759 | D        | Noticed an orc sorcerer
  1777 | D        | Noticed a rust devil
  1791 | D        | Killed an orc knight
  1794 | D        | Killed an orc sorcerer
  1795 | D        | Noticed an orc sorcerer
  1797 | D        | Gained mutation: Your transparent skin significantly reduces your foes' accuracy. (Stealth) [Jiyva's grace]
  1797 | D        | Gained mutation: You passively map a small area around you. [Jiyva's grace]
  1797 | D        | Lost mutation: You have supernaturally acute eyesight. (SInv) [Jiyva's grace]
  1797 | D        | Gained mutation: You have sharp toenails. [Jiyva's grace]
  1797 | D        | Gained mutation: You are partially covered in icy blue scales. (AC +2) [Jiyva's grace]
  1799 | D        | Gained mutation: Your body has grown golden eyes which may confuse attackers. (Acc +3) [Jiyva's grace]
  1799 | D        | Gained mutation: Armour fits poorly on your large pseudopods. [Jiyva's grace]
  1816 | D        | Killed an orc sorcerer
  1816 | D        | Reached skill level 10 in Short Blades
  1820 | D        | Lost mutation: You have a small jelly attached to you that may absorb incoming projectiles. [Jiyva's grace]
  1820 | D        | Gained mutation: Your flesh is very heat resistant. (rF++) [Jiyva's grace]
  1820 | D        | Lost mutation: You have sharp toenails. [Jiyva's grace]
  1820 | D        | Lost mutation: Armour fits poorly on your large pseudopods. [Jiyva's grace]
  1820 | D        | Lost mutation: Armour fits poorly on your pseudopods. [Jiyva's grace]
  1820 | D        | Gained mutation: Your spells are a little harder to cast, but a little more powerful. [Jiyva's grace]
  1822 | D        | Gained mutation: You have a pair of large horns on your head. [Jiyva's grace]
  1824 | D        | Lost mutation: You have a pair of large horns on your head. [Jiyva's grace]
  1824 | D        | Lost mutation: Your mind is acute. (Int +2) [Jiyva's grace]
  1824 | D        | Lost mutation: You passively map a small area around you. [Jiyva's grace]
  1825 | D        | Lost mutation: Your spells are a little harder to cast, but a little more powerful. [Jiyva's grace]
  1832 | D        | Found Zaphumuo's Book Boutique.
  1832 | D        | Noticed an ogre mage
  1832 | D        | Noticed a deep troll
  1832 | D        | Noticed a deep troll
  1832 | D        | Noticed a hill giant
  1840 | D        | Noticed an ogre mage
  1846 | D        | Killed a deep troll
  1855 | D        | Killed a deep troll
  1855 | D        | Reached XP level 11. HP: 97/104 MP: 10/10
  1871 | D        | Killed an ogre mage
  1871 | D        | Reached skill level 16 in Shields
  1872 | D        | Found Naelyup's Antique Armour Shop.
  1877 | D        | Lost mutation: You have sharp fingernails. [Jiyva's grace]
  1877 | D        | Lost mutation: Your body has grown golden eyes which may confuse attackers. (Acc +3) [Jiyva's grace]
  1880 | D        | Lost mutation: Your system is resistant to poisons. (rPois) [Jiyva's grace]
  1881 | D        | Killed a hill giant
  1882 | D        | Found Heugatai's Book Boutique.
  1883 | D        | Lost mutation: You are partially covered in icy blue scales. (AC +2) [Jiyva's grace]
  1887 | D        | Killed an ogre mage
  1888 | D        | Noticed an ogre mage
  1889 | D        | Found Usav's Armour Shop.
  1889 | D        | Gained mutation: You are resistant to hostile enchantments. (MR+) [Jiyva's grace]
  1889 | D        | Gained mutation: Your muscles are strong. (Str +2) [Jiyva's grace]
  1890 | D        | Noticed an ogre mage
  1891 | D        | Noticed a deep troll
  1891 | D        | Noticed a deep troll
  1891 | D        | Gained mutation: You are covered in slimy tendrils that may disarm your opponents. [Jiyva's grace]
  1891 | D        | Lost mutation: Your muscles are strong. (Str +2) [Jiyva's grace]
  1898 | D        | Killed an ogre mage
  1899 | D        | Noticed a deep troll
  1906 | D        | Killed an ogre mage
  1922 | D        | Killed a deep troll
  1932 | D        | Killed a deep troll
  1947 | D        | Killed a deep troll
  1947 | D        | Reached skill level 15 in Short Blades
  1965 | D        | Bought an embroidered cloak for 262 gold pieces
  1978 | D        | Gained mutation: You are partially covered in iridescent scales. (AC +2) [Jiyva's grace]
  1978 | D        | Lost mutation: You are resistant to electric shocks. (rElec) [Jiyva's grace]
  1978 | D        | Gained mutation: You have a small jelly attached to you that may absorb incoming projectiles. [Jiyva's grace]
  1978 | D        | Lost mutation: Your flesh is very heat resistant. (rF++) [Jiyva's grace]
  1978 | D        | Gained mutation: Scrolls take you a little longer to read. [Jiyva's grace]
  1980 | D        | Lost mutation: Scrolls take you a little longer to read. [Jiyva's grace]
  1980 | D        | Gained mutation: Your body sometimes deteriorates upon taking damage. [Jiyva's grace]
  1981 | D        | Bought a +2 hat for 224 gold pieces
  2072 | D        | Noticed Sonja
  2088 | D        | Killed Sonja
  2088 | D        | Reached skill level 17 in Shields
  2097 | D        | Lost mutation: Your body sometimes deteriorates upon taking damage. [Jiyva's grace]
  2121 | D        | Lost mutation: Your transparent skin significantly reduces your foes' accuracy. (Stealth) [Jiyva's grace]
  2178 | D        | Got the +2 pair of boots of the Louse {rPois rN+}
  2209 | D        | Gained mutation: Your body has grown golden eyes which may confuse attackers. (Acc +3) [Jiyva's grace]
  2209 | D        | Gained mutation: Scrolls take you a little longer to read. [Jiyva's grace]
  2209 | D        | Gained mutation: Your spells are a little harder to cast, but a little more powerful. [Jiyva's grace]
  2226 | D        | Noticed a tengu warrior
  2229 | D        | Noticed a tengu warrior
  2230 | D        | Killed a tengu warrior
  2231 | D        | Noticed a lich
  2238 | D        | Killed an unseen horror
  2255 | D        | Noticed a blizzard demon
  2256 | D        | Killed a tengu warrior
  2256 | D        | Reached skill level 10 in Dodging
  2256 | D        | Reached XP level 12. HP: 109/116 MP: 11/11
  2264 | D        | Noticed a Tzitzimitl
  2275 | D        | Noticed a lich
  2282 | D        | Killed a lich
  2282 | D        | Reached skill level 5 in Stealth
  2290 | D        | Noticed a stone giant
  2291 | D        | Noticed an Ice Fiend
  2292 | D        | Noticed a hell beast
  2296 | D        | Noticed a great orb of eyes
  2296 | D        | Killed from afar by a lich

Vault maps used:
D:        linesprint

Skill      XL: |  1  2  3  4  5  6  7  8  9 10 11 12 |
---------------+-------------------------------------+-----
Shields        | 7 8 10 11 13 14 15 17 | 17.9
Fighting       | 6 7 8 9 10 12 13 14 | 14.1
Armour         | 6 7 8 9 10 11 12 | 12.1
Long Blades    | 4 7 9 11 12 14 | 14.8
Dodging        | 1 2 3 5 7 8 10 | 10.3
Stealth        | 1 2 3 4 5 |  5.2
Short Blades   | 3 11 15 16 | 16.1
Maces & Flails | 3 4 |  4.4

Action                   |  1- 3 |  4- 6 |  7- 9 | 10-12 || total
-------------------------+-------+-------+-------+-------++-------
Melee: Long sword        |    22 |    45 |    24 |       ||    91
       Headbutt          |     2 |     9 |    18 |    83 ||   112
       Kick              |       |       |    16 |       ||    16
       Rapier            |       |       |    54 |   303 ||   357
       Morningstar       |       |       |     6 |       ||     6
       Pseudopods        |       |       |       |    15 ||    15
Invok: Request Jelly     |       |     1 |     1 |     1 ||     3
       Cure Bad Mutation |       |       |     1 |       ||     1
       Slimify           |       |       |       |     1 ||     1
  Use: Potion            |       |     1 |     1 |     6 ||     8
       Scroll            |       |       |     4 |       ||     4
 Stab: Distracted        |       |       |     1 |       ||     1
       Confused          |       |       |       |     2 ||     2
       Sleeping          |       |       |       |     2 ||     2
Armor: Scale mail        |    12 |     4 |       |       ||    16
       Ring mail         |       |    13 |    22 |    33 ||    68
Dodge: Dodged            |     6 |    12 |    31 |    79 ||   128
Block: Shield            |    16 |    40 |    50 |   119 ||   225
       Rpst.: Long sword |     2 |     4 |     1 |       ||     7
